 Dungeon Crawl Stone Soup version 0.17.2-1-ge4368a0 (webtiles) character file.

163 Goblin1989 the Chopper (level 5, 0/70 HPs)
             Began as a Hill Orc Fighter on Oct 30, 2016.
             Was an Initiate of the Shining One.
             Succumbed to an adder's poison
             ... on level 2 of the Dungeon.
             The game lasted 00:07:05 (1982 turns).

Goblin1989 the Chopper (Hill Orc Fighter)           Turns: 1982, Time: 00:07:06

Health: 0/70       AC: 22    Str: 20      XL:     5   Next: 44%
Magic:  5/5        EV:  2    Int: 13      God:    the Shining One [......]
Gold:   87         SH: 10    Dex:  7 (10) Spells: 0 memorised, 4 levels left

rFire  . . .     SeeInvis .     a - +1 war axe
rCold  . . .     Clarity  .     (armour currently unavailable)
rNeg   + + +     SustAt   .     c - +1 shield
rPois  +         Gourm    +     (helmet currently unavailable)
rElec  .         Spirit   .     (cloak currently unavailable)
rCorr  .         Warding  .     (gloves currently unavailable)
rMut   .         NoTele   +     (boots currently unavailable)
MR     .....                    f - amulet of the gourmand
Stlth  +.........               (no ring)
                                (no ring)

@: brilliant, lethally poisoned (0 -> -1), tree-form, not resistant to hostile
enchantments, very unstealthy
A: no striking features
a: Renounce Religion


You were on level 2 of the Dungeon.
You worshipped the Shining One.
The Shining One was noncommittal.
You were very full.
You were a tree.
You visited 1 branch of the dungeon, and saw 2 of its levels.

You collected 87 gold pieces.

Inventory:

Hand Weapons
 a - a +1 war axe (weapon)
Armour
 b - a +0 scale mail (melded)
 c - a +1 shield (worn)
Jewellery
 f - an amulet of the gourmand (around neck)
Scrolls
 q - a scroll of enchant weapon
 r - a scroll of remove curse {@r2}
 R - a scroll of identify {@r1}
 T - 3 scrolls of teleportation {!r, @r4}
Potions
 d - a potion of might
 g - a potion of degeneration {!q}
 k - a potion of brilliance
 n - 3 potions of lignification {!q}
Comestibles
 e - 3 bread rations {@e1}
 p - a slice of pizza


   Skills:
 + Level 4.4 Fighting
 * Level 5.0 Axes
 + Level 4.1 Armour
 + Level 4.1 Shields


You had 4 spell levels left.
You didn't know any spells.

Dungeon Overview and Level Annotations

Branches:
Dungeon (2/15)

Altars:
Ashenzari
Cheibriados
Qazlal
Vehumet
The Shining One


Message History

As you read the scroll labeled SEHIHA AMOJ, it crumbles to dust.
You cannot teleport because you are held in place by your roots.
It was a scroll of blinking.
* * * LOW HITPOINT WARNING * * *
You feel sick.
You take 1 damage, and have 1/70 hp.
Unknown command.
Unknown command.
Eat which item? (? for menu, Esc to quit)
Okay, then.
Read which item? (? for menu, Esc to quit)
As you read the scroll labeled ZIBLECW SEOCAR, it crumbles to dust.
The scroll dissolves into smoke.
It was a scroll of fog.
Unknown command.
Drink which item? (? for menu, Esc to quit)
Okay, then.
* * * LOW HITPOINT WARNING * * *
You feel sick.
You take 1 damage, and have 1/70 hp.
You die...

██████.█.██....█████████████████
█.....██.██.█ █.█.███.....█ █.█.█
█..██████████████████
█████.█.███..S............)...█
....█.█.......███████████████.█
███.█.██████..█ █(....█.....█.███
..█...██████..███§§......██.█.█..
█........(..>.§§♣§§..............
██....████...§.██§§......██.█.█.█
...............██§███)█.███.....█
.█......[......██.█ █.█...███.███
......████.....██.█ █(███)███.█ █
......█ █.....██.█ █.....█...█ █
......█ █.....██.█ ███████.█████
.████.█ █.....██)█ ███████......
█........█ █............


There were no monsters in sight!

Vanquished Creatures
  Jessica (D:2)
  Natasha (twice) (D:2)
  4 adders (D:2)
  3 worms (D:2)
  6 giant geckos
  6 hobgoblins (D:1)
  3 ball pythons
  6 bats
  11 giant newts
  5 goblins
  10 kobolds
  5 rats
62 creatures vanquished.

Notes
Turn   | Place    | Note
--------------------------------------------------------------
     0 | D:1      | Goblin1989 the Hill Orc Fighter began the quest for the Orb.
     0 | D:1      | Reached XP level 1. HP: 19/19 MP: 1/1
    63 | D:1      | Reached XP level 2. HP: 21/27 MP: 2/2
   595 | D:1      | Reached XP level 3. HP: 33/33 MP: 3/3
  1136 | D:2      | Reached skill level 4 in Fighting
  1166 | D:2      | Reached XP level 4. HP: 40/40 MP: 4/4
  1284 | D:2      | Noticed Natasha
  1293 | D:2      | Killed Natasha
  1455 | D:2      | Noticed Jessica
  1459 | D:2      | Killed Jessica
  1459 | D:2      | Reached XP level 5. HP: 46/46 MP: 5/5
  1659 | D:2      | Found a radiant altar of Vehumet.
  1660 | D:2      | Found a shattered altar of Ashenzari.
  1669 | D:2      | Found a snail-covered altar of Cheibriados.
  1671 | D:2      | Found a stormy altar of Qazlal.
  1671 | D:2      | Found a glowing golden altar of the Shining One.
  1683 | D:2      | Became a worshipper of the Shining One
  1954 | D:2      | Noticed Natasha
  1963 | D:2      | Killed Natasha
  1973 | D:2      | Reached skill level 5 in Axes
  1973 | D:2      | HP: 3/70 [poisoned by an adder]
  1978 | D:2      | HP: 1/70 [poisoned by an adder]
  1982 | D:2      | Succumbed to an adder's poison

Action                   |  1- 3 |  4- 6 || total
-------------------------+-------+-------++-------
Melee: War axe           |   128 |    66 ||   194
  Use: Scroll            |       |     6 ||     6
       Potion            |       |     4 ||     4
  Eat: Chunk             |    20 |     2 ||    22

Vault maps used:
D:1:      dpeg_arrival_more_subterranean_lakeside_camping, minmay_lizard_king
D:2:      minitemple, first_bread, minmay_bisected, uniq_jessica, uniq_natasha
